 Dungeon Crawl Stone Soup version 0.19.5 (webtiles) character file.

27 sveltemanboy the Slasher (level 3, -3/19 HPs)
             Began as a Vine Stalker Berserker on Mar 12, 2017.
             Was a Follower of Trog.
             Slain by Sigmund
             ... wielding a +0 scythe
              (6 damage)
             ... on level 2 of the Dungeon.
             The game lasted 00:02:10 (949 turns).

sveltemanboy the Slasher (Vine Stalker Berserker)    Turns: 949, Time: 00:02:11

Health: -3/19      AC:  5    Str: 20    XL:     3   Next: 10%
Magic:  0/4        EV: 11    Int:  7    God:    Trog [*.....]
Gold:   25         SH:  0    Dex: 13    Spells: 0 memorised, 2 levels left

rFire  . . .     SeeInvis .     a - +0 falchion
rCold  . . .     Gourm    .     d - +0 ring mail
rNeg   . . .     Faith    .     (no shield)
rPois  .         Spirit   +     (no helmet)
rElec  .         Reflect  .     (no cloak)
rCorr  .         Harm     .     (no gloves)
MR     .....                    (no boots)
Stlth  +.........               (no amulet)
                                (no ring)
                                (no ring)

@: exhausted, slowed, very slow
A: fangs 2, magic shield, antimagic bite, no device heal 3, rot immunity
a: Berserk, Burn Spellbooks, Renounce Religion


You were on level 2 of the Dungeon.
You worshipped Trog.
Trog was aware of your devotion.
You were very hungry.

You visited 1 branch of the dungeon, and saw 2 of its levels.

You collected 25 gold pieces.

Inventory:

Hand Weapons
 a - a +0 falchion (weapon)
Armour
 d - a +0 ring mail (worn)
 n - a +0 buckler
Jewellery
 l - an uncursed ring of ice
Scrolls
 e - a scroll of recharging {unknown}
 f - a scroll of teleportation {unknown}
 g - a scroll of random uselessness {unknown}
 h - 3 scrolls of remove curse {unknown}
 i - 2 scrolls of identify {unknown}
 j - a scroll of fear {unknown}
Potions
 b - a potion of heal wounds {unknown}
 m - a potion of degeneration {unknown}
 o - a potion of haste {unknown}
Comestibles
 c - a bread ration
 k - a meat ration


   Skills:
 - Level 2.6 Fighting
 + Level 3.7 Long Blades
 - Level 1.5 Armour
 - Level 1.5 Dodging
 + Level 0.1 Shields


You had 2 spell levels left.
You didn't know any spells.

Dungeon Overview and Level Annotations

Branches:
Dungeon (2/15)

Altars:

Annotations:
D:2 Sigmund


Innate Abilities, Weirdness & Mutations

You have extremely sharp teeth.
When hurt, damage is shared between your health and your magic reserves.
Your bite disrupts and absorbs the magic of your enemies.
Potions and wands cannot restore your health.
You are immune to rotting.


Message History

You hit Sigmund. You bite Sigmund, but do no damage.
Sigmund is severely wounded.
Sigmund hits you but does no damage.
You hit Sigmund. You bite Sigmund.
Sigmund's magic leaks into the air.
You drain his magic.
You feel invigorated.
Sigmund is severely wounded.
Sigmund hits you with a scythe.
* * * LOW HITPOINT WARNING * * *
You barely miss Sigmund. You bite Sigmund.
Sigmund's magic leaks into the air.
You drain his magic.
You feel invigorated.
Sigmund is almost dead.
Sigmund completely misses you.
You closely miss Sigmund. Your bite misses Sigmund.
Sigmund is almost dead.
Sigmund barely misses you.
You barely miss Sigmund. You bite Sigmund.
Sigmund's magic leaks into the air.
You drain his magic.
Sigmund is almost dead.
Sigmund hits you with a scythe!
You die...

. .. # ... ###.
....g. #.. ...r..
##.###......
#...<.......
.######..###..##..
.......@@# ..#
#######..###..#
.......#...#
########.### #.#
#.# ... .## #.


You could see Sigmund.

Vanquished Creatures
  A dart slug (D:1)
  A leopard gecko (D:1)
  2 giant cockroaches (D:1)
  4 goblins (D:1)
  3 hobgoblins
  5 bats (D:1)
  A frilled lizard (D:1)
  3 kobolds (D:1)
  3 rats
23 creatures vanquished.

Notes
Turn   | Place    | Note
-------+----------+-------------------------------------------
     0 | D:1      | sveltemanboy the Vine Stalker Berserker began the quest for the Orb.
     0 | D:1      | Reached XP level 1. HP: 11/11 MP: 2/2
    75 | D:1      | Reached skill level 3 in Long Blades
   127 | D:1      | Reached XP level 2. HP: 16/16 MP: 3/3
   708 | D:1      | Reached XP level 3. HP: 19/19 MP: 4/4
   923 | D:2      | Noticed Sigmund
   949 | D:2      | Slain by Sigmund

Skill      XL: |  1 |
---------------+----+-----
Long Blades    | 3 |  3.7
Fighting       | |  2.6
Armour         | |  1.5
Dodging        | |  1.5
Shields        | |  0.1

Action                   || total
-------------------------++-------
Melee: Falchion          ||    54
       Bite              ||    12
Invok: Berserk           ||     1
Armor: Ring mail         ||    13
Dodge: Dodged            ||    33
       Rpst.: Falchion   ||    10
